 Dungeon Crawl Stone Soup version 0.30-a0-630-g881e3bac89 (webtiles) character file.

Game seed: 3450922437796537721

4351 Decipherer the Cleaver (level 10, -2/61 HPs)
             Began as a Gargoyle Berserker on Jan 13, 2023.
             Was an Elder of Trog.
             Killed from afar by an acid dragon (12 damage)
             ... with a splash of acid
             ... on level 8 of the Dungeon.
             The game lasted 00:09:08 (7056 turns).

Decipherer the Cleaver (Gargoyle Berserker)         Turns: 7056, Time: 00:09:08

Health: -2/61      AC: 15    Str: 23    XL:     10   Next: 34%
Magic:  10/10      EV:  5    Int:  8    God:    Trog [****..]
Gold:   451        SH: 15    Dex: 11    Spells: 9/9 levels left

rFire   . . .      SeeInvis .    y - +0 war axe
rCold   . . .      Faith    .    C - +2 tower shield
rNeg    + . .      Spirit   .    i - +0 chain mail
rPois   ∞          Reflect  .    (no helmet)
rElec   +          Harm     .    (no cloak)
rCorr   .          Rampage  .    N - +0 pair of gloves
Will    .....                    (no boots) Stlth
                                 D - amulet of the acrobat
HPRegen 0.30/turn                M - +4 ring of slaying
MPRegen 0.12/turn                v - +4 ring of slaying

@: corroded
A: sickness immunity, AC +7, negative energy resistance 1, electricity
resistance, torment resistance 1, petrification resistance
a: Renounce Religion, Berserk, Trog's Hand, Brothers in Arms


You were on level 8 of the Dungeon.
You worshipped Trog.
Trog was greatly pleased with you.
You visited 1 branch of the dungeon, and saw 8 of its levels.

You collected 451 gold pieces.

Inventory:

Hand Weapons
 a - a +0 mace of protection
 y - a +0 war axe (weapon)
Missiles
 m - 18 poisoned darts
 L - a throwing net
 S - 2 javelins
Armour
 i - a +0 chain mail (worn)
 x - a +0 barding
 C - a +2 tower shield (worn)
 N - a +0 pair of gloves (worn)
 T - a +0 pair of boots
 W - a +2 pair of boots
Jewellery
 q - a ring of protection from fire
 v - a +4 ring of slaying (right hand)
 w - a ring of flight
 D - an amulet of the acrobat (around neck)
 F - a ring of willpower
 G - a ring of protection from fire
 M - a +4 ring of slaying (left hand)
 V - a ring of protection from cold
Wands
 j - a wand of roots (18)
 t - a wand of light (8)
 E - a wand of polymorph (9)
 R - a wand of charming (10)
Scrolls
 d - a scroll of fear
 e - 2 scrolls of silence
 g - 5 scrolls of teleportation
 h - a scroll of torment
 o - a scroll of poison
 r - 2 scrolls of enchant weapon
 z - 8 scrolls of identify
 H - 3 scrolls of magic mapping {unknown}
 I - a scroll of summoning {unknown}
 J - a scroll of vulnerability {unknown}
 K - a scroll of enchant armour {unknown}
 O - a scroll of fog {unknown}
 P - 2 scrolls of immolation {unknown}
 Q - a scroll of acquirement {unknown}
 U - a scroll of blinking {unknown}
Potions
 b - a potion of invisibility
 c - a potion of resistance
 f - 4 potions of flight {unknown}
 k - 4 potions of ambrosia {unknown}
 l - 5 potions of attraction {unknown}
 n - 2 potions of might {unknown}
 p - a potion of haste
 s - 2 potions of lignification {unknown}
 u - a potion of magic {unknown}
 A - 2 potions of heal wounds {unknown}
 B - 3 potions of curing


   Skills:
 + Level 6.7 Fighting
 + Level 8.2(8.9) Axes
 + Level 5.7(8.2) Maces & Flails
 + Level 7.2 Armour
 + Level 3.3 Dodging
 + Level 1.1 Stealth
 + Level 5.7 Shields


You had 9 spell levels left.
You didn't know any spells.
Your spell library contained the following spells:

 Spells                   Type           Power      Damage    Failure   Level
 Apportation              Tloc           0%         N/A       100%        1
 Necrotise                Necr           0%         1d4       100%        1
 Summon Small Mammal      Summ           0%         N/A       100%        1
 Vhi's Electric Charge    Tloc/Air       0%         N/A       100%        3
 Cause Fear               Hex            0%         N/A       100%        4
 Summon Lightning Spire   Summ/Air       0%         N/A       100%        4
 Arcjolt                  Conj/Air       0%         1d10      100%        5
 Dragon Form              Tmut           0%         N/A       100%        7
 Maxwell's Capacitive Co  Air            0%         ∞         100%        8
 Dragon's Call            Summ           0%         N/A       100%        9


Dungeon Overview and Level Annotations

Branches:
Dungeon (8/15)             Temple (0/1) D:7
   Lair: D:8-11

Altars:
Ashenzari
Cheibriados
Sif Muna
Trog
Wu Jian
Yredelemnul


Innate Abilities, Weirdness & Mutations

You are immune to sickness and miasma.
Your stone body is resilient. (AC +7)
You are immune to poison.
You resist negative energy. (rN+)
You are resistant to electric shocks. (rElec)
You are resistant to unholy torment.
You are immune to petrification.


Message History

Unknown command.
You block the acid dragon's attack. The acid dragon misses you.
An acid dragon is nearby!
You are too injured to fight recklessly!
Unknown command.
An acid dragon is nearby!
You are too injured to fight recklessly!
Unknown command.
An acid dragon is nearby!
You are too injured to fight recklessly!
Unknown command.
An acid dragon is nearby!
You are too injured to fight recklessly!
Unknown command.
An acid dragon is nearby!
You are too injured to fight recklessly!
Unknown command.
An acid dragon is nearby!
You are too injured to fight recklessly!
Unknown command.
An acid dragon is nearby!
You are too injured to fight recklessly!
Unknown command.
You block the acid dragon's attack. The acid dragon closely misses you.
You hit the acid dragon.
The acid dragon is lightly wounded.
The acid dragon spits acid at you. The splash of acid hits you!!
* * * LOW HITPOINT WARNING * * *
You closely miss the acid dragon.
The acid dragon is lightly wounded.
The acid dragon bites you but does no damage.
You block the acid dragon's attack.
You slash the acid dragon!
The acid dragon is heavily wounded.
The acid dragon barely misses you.
The acid dragon claws you but does no damage.
The acid dragon spits acid at you. The splash of acid hits you!
You die...

###.................#
..........##....##.##
.........#####..# ..##
.♣...>...##.....##...#
♣.......#...#....#...##
..♣.....#...#.........#
.♣♣....##......##....##
..).................##
.).......#....#.@..##
.).......##...#.D.##
#)#..##.##.....$###
#.#...#.#.......
.......# #...#..
#......#########
.........# #.......##
<.....#.♣


You could see an acid dragon (catching breath).

Vanquished Creatures
  Pikel (D:7)
  Joseph (D:7)
  Psyche (D:8)
  Prince Ribbit (D:7)
  A hornet (D:8)
  6 yaks (D:8)
  2 water moccasins (D:5)
  2 sky beasts
  2 black bears
  An ogre (D:5)
  3 centaurs
  A lemure (D:7)
  A phantom (D:6)
  A kobold brigand (D:7)
  2 bullfrogs
  2 scorpions
  2 electric eels (D:8)
  A howler monkey (D:5)
  2 hounds (D:5)
  A gnoll bouda (D:6)
  2 orc priests
  Jessica (D:2)
  Terence (D:2)
  Natasha (thrice) (D:3)
  2 iguanas
  An orc wizard (D:6)
  12 gnolls
  7 adders
  4 white imps
  2 worms (D:2)
  2 dart slugs
  30 orcs
  3 bats
  9 endoplasms
  5 giant cockroaches
  5 goblins
  8 hobgoblins
  4 jackals (D:2)
  13 kobolds
  6 quokkas
  10 ball pythons
  5 frilled lizards
  6 rats
175 creatures vanquished.

Notes
Turn   | Place    | Note
-------+----------+-------------------------------------------
     0 | D:1      | Decipherer the Gargoyle Berserker began the quest for the
                  | Orb.
     0 | D:1      | Reached XP level 1. HP: 14/14 MP: 1/1
   125 | D:1      | Reached XP level 2. HP: 18/19 MP: 2/2
   560 | D:1      | Reached XP level 3. HP: 20/24 MP: 3/3
   657 | D:1      | Reached ** piety under Trog
   874 | D:2      | Noticed Jessica
   890 | D:2      | Killed Jessica
   891 | D:2      | Reached XP level 4. HP: 29/29 MP: 4/4
   900 | D:2      | Noticed Terence
   909 | D:2      | Killed Terence
  1296 | D:2      | Reached XP level 5. HP: 24/33 MP: 5/5
  1846 | D:3      | Found a broken altar of Ashenzari.
  1999 | D:3      | Noticed Natasha
  2009 | D:3      | Killed Natasha
  2219 | D:3      | Found a basalt altar of Yredelemnul.
  2223 | D:3      | Found a snail-covered altar of Cheibriados.
  2232 | D:3      | Noticed Natasha
  2242 | D:3      | Killed Natasha
  2364 | D:3      | Noticed Natasha
  2373 | D:3      | Killed Natasha
  2374 | D:3      | Reached skill level 5 in Maces & Flails
  2495 | D:4      | Reached XP level 6. HP: 38/39 MP: 6/6
  2525 | D:4      | Reached *** piety under Trog
  2813 | D:4      | Found a bloodstained altar of Trog.
  2881 | D:4      | Reached skill level 1 in Axes
  2881 | D:4      | Reached XP level 7. HP: 31/44 MP: 7/7
  2962 | D:4      | Found a shimmering blue altar of Sif Muna.
  3433 | D:5      | Entered Level 5 of the Dungeon
  3463 | D:5      | Reached skill level 2 in Axes
  3548 | D:5      | Found an ornate altar of the Wu Jian Council.
  3552 | D:5      | Reached skill level 1 in Stealth
  3789 | D:5      | Reached skill level 3 in Axes
  4042 | D:5      | Reached XP level 8. HP: 32/48 MP: 8/8
  4046 | D:5      | Reached skill level 4 in Axes
  4154 | D:5      | Reached skill level 5 in Fighting
  4282 | D:5      | Reached skill level 1 in Shields
  4770 | D:6      | Reached skill level 5 in Armour
  4772 | D:6      | Reached skill level 5 in Axes
  5104 | D:6      | Reached **** piety under Trog
  5418 | D:7      | Found a staircase to the Ecumenical Temple.
  5440 | D:7      | Noticed Joseph
  5459 | D:7      | Killed Joseph
  5460 | D:7      | Reached skill level 6 in Axes
  5460 | D:7      | Reached XP level 9. HP: 31/54 MP: 9/9
  5967 | D:7      | Noticed Prince Ribbit
  5970 | D:7      | Noticed Pikel
  5983 | D:7      | Killed Pikel
  6001 | D:7      | Killed Prince Ribbit
  6002 | D:7      | Reached skill level 7 in Axes
  6002 | D:7      | Reached skill level 5 in Shields
  6320 | D:7      | Got the Teachings on Clouds
  6390 | D:8      | Reached XP level 10. HP: 27/60 MP: 10/10
  6711 | D:8      | Noticed Psyche
  6716 | D:8      | Killed Psyche
  6717 | D:8      | Reached skill level 8 in Axes
  7056 | D:8      | Killed from afar by an acid dragon

Illustrated notes

Levels and vault maps discovered:
D:1:      scummos_arrival_simple_crosswalls, layout_loops_ring,
          minmay_heptomino_o4
D:2:      layout_basic, chequers_avenue, kennysheep_doodads, uniq_terence,
          uniq_jessica
D:3:      layout_rooms, cheibrodos_ashenzari_chains,
          nicolae_overflow_hidden_temple, eino_tiny_chamber, uniq_natasha
D:4:      layout_gridville, kennysheep_orc_sif_temple, lemuel_tele_altar
D:5:      wad_river_or_something, layout_basic, mainiacjoe_overflow_alcove_1
D:6:      layout_cave_pods
D:7:      layout_cave_pods, minmay_temple_entry_from_below_b,
          uniq_prince_ribbit1, uniq_pikel, uniq_joseph
D:8:      layout_cave_pools, minivault_4, chequers_garden, serial_bayou_ford_a,
          chequers_serial_rivers_small_3, minmay_misc_feat_rugged,
          hellmonk_guarded_unrand_staff_of_battle, uniq_psyche

Skill      XL: |  1  2  3  4  5  6  7  8  9 10 |
---------------+-------------------------------+-----
Maces & Flails | 4 5 |  5.7
Dodging        | 2 3 |  3.3
Fighting       | 4 5 6 |  6.7
Armour         | 3 4 5 6 7 |  7.2
Axes           | 1 3 6 7 8 |  8.2
Stealth        | 1 |  1.1
Shields        | 4 5 |  5.7

Action                   |  1- 3 |  4- 6 |  7- 9 | 10-12 || total
-------------------------+-------+-------+-------+-------++-------
Melee: Mace              |    92 |   166 |       |       ||   258
       Punch             |       |     3 |       |       ||     3
       War axe           |       |    30 |   199 |    34 ||   263
Invok: Berserk           |     1 |     5 |     9 |     2 ||    17
  Use: Scroll            |       |    10 |       |       ||    10
Armor: Animal skin       |    14 |       |       |       ||    14
       Chain mail        |    38 |   150 |   178 |    11 ||   377
Dodge: Dodged            |    67 |   102 |    99 |    15 ||   283
Block: Tower shield      |       |       |   188 |    16 ||   204

Table legend: (Time is in decaauts)
 A = Elapsed time spent in this place.
 B = Non-inter-level travel time spent in this place.
 C = Inter-level travel time spent in this place.
 D = Time resting spent in this place.
 E = Time spent auto-exploring this place.
 F = Levels seen in this place.
 G = Mean time per level.
                   A        B        C        D        E       F      G
               +--------+--------+--------+--------+--------+-----+--------+
         Total |   7431 |   7026 |    405 |      0 |   5553 |   8 |  928.9 |
       Dungeon |   7431 |   7026 |    405 |      0 |   5553 |   8 |  928.9 |
               +--------+--------+--------+--------+--------+-----+--------+

Top non-repeatable levels by time:
     D:5: 1138 daAuts
     D:2: 1135 daAuts
     D:7: 1054 daAuts
     D:6: 948 daAuts
     D:4: 935 daAuts
     D:1: 764 daAuts
     D:3: 740 daAuts
     D:8: 714 daAuts
